AoeStats
← Kez

Four Lakes

508660470Analyzed
1v1 RM · 8d ago on Sep 23, 2026· 19m 34s· 2 players
Game mode
Random Map
Map size
Tiny (2 player)
Population
200
Speed
Normal
Resources
Standard
Victory
Conquest
Starting age
Dark Age
Ending age
Imperial Age
RankedLock teamsTeams togetherTeam positionsShared explorationLock speedFull tech treeHidden civsTurbo modeCheats
Victory
Defeat
🇮🇳 Persians · India
1327
+17
🇳🇱 Teutons · Netherlands
1347
-17
望舒芷若映月
10:59 Feudal Age
9:39 Loom
17:15 Castle Age
19:40 Forging
Kez
7:31 Loom
11:23 Feudal Age
13:28 Double-Bit Axe
20:39 Castle Age
Connection lost

Rejoining the realm…

Still unreachable

The connection could not be restored.

Session expired

The server has moved on; the page needs a fresh start.